Description

3 Base Macro Opening into Quick Hydra Ling Push

A good economic ZvP opener that develops into a push on the Protoss's 3rd. Lair and Hydra Den are rushed a bit to hit the 3rd as soon as possible. Very strong vs. a macro Protoss with a quick 3rd.

Replay - CloudM [2/5] ZvP Timing (Furis BO)

Build Order

Get SALT Encoding   

  12  0:01  Drone  
  13  0:12  Overlord  
  13  0:17  Drone  
  14  0:30  Drone x2  
  16  0:49  Hatchery  
  15  0:53  Drone x2  
  17  0:59  Drone  
  17  1:04  Extractor  
  17  1:16  Spawning Pool  
  16  1:20  Drone x2  
  18  1:29  Drone  
  19  1:38  Drone  
  20  1:50  Overlord  
  20  2:00  Drone  
  21  2:03  Zergling x2  
  21  2:08  Queen x2  
  22  2:12  Metabolic Boost  
  26  2:16  Drone x2  
  28  2:24  Drone x2  
  30  2:33  Drone x2  
  32  2:43  Drone x2  
  34  2:55  Hatchery  
  34  2:57  Drone  
  34  3:01  Overlord  
  34  3:07  Drone x2  
  36  3:20  Zergling x4  
  36  3:24  Drone x3  
  41  3:32  Drone  
  42  3:38  Drone x2  
  44  3:54  Lair  
  44  3:57  Extractor x3  
  44  3:59  Drone x3  
  44  4:01  Overlord x3  
  44  4:07  Drone x4  
  48  4:13  Drone x2  
  50  4:23  Drone x3  
  53  4:32  Drone x7  
  59  4:54  Drone x6  
  59  4:58  Extractor x2  
  63  5:02  Hydralisk Den  
  62  5:07  Overlord x4  
  62  5:09  Drone x5  
  66  5:27  Drone x2  
  68  5:30  Hydralisk x4  
  68  5:33  Muscular Augments  
  76  5:35  Hydralisk  
  78  5:44  Hydralisk x3  
  78  5:47  Hatchery  
  83  5:59  Hatchery  
  83  6:03  Hydralisk x2, Drone x2  
  88  6:06  Overlord  
  88  6:09  Hydralisk x7  
  96  6:16  Hydralisk  
  104  6:20  Overlord x2  
  104  6:30  Hydralisk x3  
  110  6:43  Hydralisk x6  
  122  6:48  Hydralisk x3  
  128  6:59  Zergling x6  
  131  7:09  Hydralisk x2  
  131  7:11  Zergling x6, Overlord x4  
  138  7:20  Overlord  
  138  7:21  Hydralisk x2  
Spawning Tool Build Advisor. Get it on Overwolf

Analysis

The Hydra rush allows you to defend a lot of pushes in between 5min and 7min. If no timing attack comes from the Protoss, then you can go forward with the BO and try to kill his 3rd and get a base advantage for the midgame (usually 4 base Zerg vs. 2 base Protoss).

Go to:

Details

  • Created by: Furis
  • Published on: May 15, 2020
  • Modified on: May 17, 2020
  • Patch: 4.11.0
Show
View Real Time Build Order
Export as new Build Order

Comments (0)

There are no comments. Be the first!

Create an account to comment!